 Dungeon Crawl Stone Soup version 0.18-a0-1405-g73f4075 (webtiles) character file.

1122 namelastname112 the Chopper (level 8, -10/69 HPs)
             Began as a Green Draconian Gladiator on Feb 25, 2016.
             Was an Initiate of Makhleb.
             Mangled by Prince Ribbit (11 damage)
             ... on level 5 of the Dungeon.
             The game lasted 00:07:12 (5511 turns).

namelastname112 the Chopper (DrGl)                  Turns: 5511, Time: 00:07:12

Health: -10/69     AC: 10    Str: 21    XL:     8   Next: 12%
Magic:  8/8        EV: 14    Int:  9    God:    Makhleb [......]
Gold:   315        SH:  0    Dex: 13    Spells: 0 memorised, 7 levels left

rFire  . . .     SeeInvis .     a - +1 war axe
rCold  . . .     Gourm    .     (armour unavailable)
rNeg   . . .     Faith    .     (no shield)
rPois  +         Spirit   .     b - +0 hat
rElec  .         Dismiss  .     z - +2 cloak {rPois}
rCorr  .         Reflect  .     m - +0 pair of gloves
SustAt .         Harm     +     (no boots)
MR     .....     Rnd*Tele +     u - amulet of harm
Stlth  +.........               (no ring)
                                o - +3 ring of strength

@: lethally poisoned (-10 -> -10), not resistant to hostile enchantments, very
unstealthy
A: breathe noxious fumes, unfitting armour, blurry vision 1, poison resistance,
teleportitis 1, cold-blooded, AC +6
a: Breathe Noxious Fumes, Renounce Religion


You were on level 5 of the Dungeon.
You worshipped Makhleb.
Makhleb was noncommittal.
You were not hungry.

You visited 2 branches of the dungeon, and saw 6 of its levels.

You collected 315 gold pieces.

Inventory:

Hand Weapons
 a - a +1 war axe (weapon)
Missiles
 c - 3 throwing nets (quivered)
Armour
 b - a +0 hat (worn)
 m - a +0 pair of gloves (worn)
 z - a +2 cloak of poison resistance (worn)
Jewellery
 o - a +3 ring of strength (left hand)
 u - an amulet of harm (around neck)
Wands
 x - a wand of slowing (27/48)
Scrolls
 e - 2 scrolls of enchant weapon
 f - a scroll of enchant armour {unknown}
 h - a scroll of fog {unknown}
 n - a scroll of magic mapping {unknown}
 r - a scroll of amnesia {unknown}
 w - 2 scrolls of immolation
Potions
 i - a potion of beneficial mutation {unknown}
 k - a potion of curing
 p - a potion of agility {unknown}
 s - 2 potions of brilliance
 v - a potion of haste
Comestibles
 d - 3 bread rations
 g - a beef jerky
 j - a fruit
 l - a slice of pizza
 q - 5 meat rations


   Skills:
 + Level 5.4 Fighting
 * Level 7.5 Axes
 - Level 1.7 Throwing
 + Level 5.0 Dodging
 * Level 0.9 Invocations


You had 7 spell levels left.
You didn't know any spells.

Dungeon Overview and Level Annotations

Branches:
Dungeon (5/15)             Temple (1/1) D:5

Altars:
Ashenzari
Dithmenos
Fedhas
Gozag
Kikubaaqudgha
Makhleb
Qazlal
Ru
Trog
Vehumet
Xom
Yredelemnul
Zin
The Shining One

Shops:
D:4 [

Annotations:
D:5 Canard's ghost, novice DsGl; Prince Ribbit


Innate Abilities, Weirdness & Mutations

You can breathe blasts of noxious fumes.
Your lurid green scales are hard (AC +6).
Your body does not fit into most forms of armour.
Your system is resistant to poisons.
You are cold-blooded and may be slowed by cold attacks.
Scrolls take you a little longer to read.
You are occasionally teleported next to monsters.


Message History

Prince Ribbit hops awkwardly around.
Prince Ribbit hits you!
You closely miss Prince Ribbit.
Prince Ribbit is lightly wounded.
Prince Ribbit hits you!! Prince Ribbit closely misses you.
You completely miss Prince Ribbit.
Your tail-slap misses Prince Ribbit.
Prince Ribbit is lightly wounded.
You feel sick. Prince Ribbit closely misses you.
You slash Prince Ribbit!
Your tail-slap misses Prince Ribbit.
Prince Ribbit is heavily wounded.
Prince Ribbit misses you. Prince Ribbit hits you!!
* * * LOW HITPOINT WARNING * * *
You are too injured to fight recklessly!
Press: ? - help, Shift-Dir - straight line, f - Prince Ribbit
Aim: Prince Ribbit (heavily wounded)
Okay, then.
Unknown command.
* * * LOW HITPOINT WARNING * * *
You feel sick. Prince Ribbit hits you!
You die...

.# ###.### .# #.....# .#
.# #.....# #####.#### .#
#.....# ........# .#
#.....# #.......# .##
#.....# #.......# ..#
####### #.......# ..#
#.##..(....#
..###########...@F.....#
.###.......#####.......#
.###.#####.#####.#######
.)..........†....#
####.##..#.#######
#.#####.# #.......#
#########


You could see Prince Ribbit.

Vanquished Creatures
  Grinder (D:5)
  Menkaure (D:4)
  An ogre (D:4)
  A scorpion (D:5)
  A howler monkey (D:4)
  Crazy Yiuf (D:4)
  3 orc priests
  4 orc wizards
  2 iguanas
  5 worker ants
  2 hound zombies (D:5)
  A howler monkey zombie (D:5)
  4 gnolls (D:2)
  6 adders
  2 shadow imps (D:5)
  2 oozes
  2 worms
  3 giant geckos
  16 orcs
  5 giant cockroaches
  9 goblins
  7 hobgoblins
  2 jackals (D:2)
  A quokka (D:4)
  A ball python skeleton (D:4)
  4 bats
  5 giant newts
  2 jackal skeletons
  4 kobolds
  A quokka skeleton (D:5)
  2 rats
101 creatures vanquished.

Notes
Turn   | Place    | Note
--------------------------------------------------------------
     0 | D:1      | namelastname112 the Draconian Gladiator began the quest for the Orb.
     0 | D:1      | Reached XP level 1. HP: 17/17 MP: 1/1
   403 | D:1      | Reached XP level 2. HP: 22/24 MP: 2/2
   904 | D:2      | Reached XP level 3. HP: 24/30 MP: 3/3
  1237 | D:2      | Reached skill level 4 in Axes
  1571 | D:2      | Reached XP level 4. HP: 37/37 MP: 4/4
  1895 | D:3      | Reached XP level 5. HP: 15/45 MP: 5/5
  2199 | D:3      | Reached skill level 5 in Axes
  2716 | D:3      | Reached XP level 6. HP: 39/52 MP: 6/6
  3280 | D:4      | Found Casaonk's Antique Armour Shoppe.
  3315 | D:4      | Found a stormy altar of Qazlal.
  3316 | D:4      | Noticed an air elemental
  3316 | D:4      | Noticed a water elemental
  3316 | D:4      | Noticed a fire elemental
  3460 | D:4      | Found a shattered altar of Ashenzari.
  3632 | D:4      | Noticed Menkaure
  3639 | D:4      | Reached skill level 6 in Axes
  3641 | D:4      | HP: 1/52 [Menkaure/nerve-wracking pain (9)]
  3642 | D:4      | Killed Menkaure
  3642 | D:4      | Reached XP level 7. HP: 1/60 MP: 7/7
  3642 | D:4      | Your scales start taking on a lurid green colour.
  3642 | D:4      | Gained mutation: Your system is resistant to poisons. [Green Draconian growth]
  4143 | D:4      | Noticed Crazy Yiuf
  4171 | D:4      | Killed Crazy Yiuf
  4244 | D:5      | Entered Level 5 of the Dungeon
  4262 | D:5      | Found a blossoming altar of Fedhas.
  4300 | D:5      | Noticed Canard's ghost (novice DsGl)
  4597 | D:4      | Gained mutation: You are occasionally teleported next to monsters. [potion of mutation]
  4597 | D:4      | Gained mutation: Scrolls take you a little longer to read. [potion of mutation]
  4672 | D:5      | Noticed Grinder
  4676 | D:5      | Paralysed by Grinder for 5 turns
  4708 | D:5      | Killed Grinder
  4708 | D:5      | Reached skill level 5 in Fighting
  4708 | D:5      | Reached skill level 7 in Axes
  5014 | D:5      | Reached XP level 8. HP: 68/68 MP: 8/8
  5022 | D:5      | Found a staircase to the Ecumenical Temple.
  5048 | Temple   | Entered the Ecumenical Temple
  5097 | Temple   | Became a worshipper of Makhleb the Destroyer
  5219 | D:5      | Reached skill level 5 in Dodging
  5501 | D:5      | Noticed Prince Ribbit
  5509 | D:5      | HP: 2/69 [Prince Ribbit (23)]
  5511 | D:5      | Mangled by Prince Ribbit

Vault maps used:
D:1:      sevenhm_arrival_forest_fort_small_4
D:2:      hex_medium
D:3:      serial_glass, glass_columns_a, glass_columns_c, glass_columns_b,
          glass_columns_b, glass_columns_c, kennysheep_pointless_box
D:4:      kennysheep_mini_moat, first_bread, serial_shops, nicolae_shop_stone,
          nicolae_qazlal_style_of_elements, uniq_crazy_yiuf_cottage,
          uniq_menkaure
D:5:      fedhas_altar_1, lemuel_round_altar, minitemple,
          minmay_temple_entry_junction, kennysheep_generic_room_13,
          uniq_prince_ribbit1, uniq_grinder
Temple:   circular_temple_12

Skill      XL: |  1  2  3  4  5  6  7  8 |
---------------+-------------------------+-----
Dodging        | 3 4 5 |  5.0
Axes           | 4 5 6 7 |  7.5
Fighting       | 3 4 5 |  5.4
Throwing       | |  1.7
Invocations    | |  0.9

Action                   |  1- 3 |  4- 6 |  7- 9 || total
-------------------------+-------+-------+-------++-------
Melee: War axe           |    83 |   150 |   130 ||   363
 Abil: Breathe Noxious F |       |       |     3 ||     3
Evoke: Wand              |       |       |     1 ||     1
  Use: Potion            |       |     1 |     3 ||     4
       Scroll            |       |       |     7 ||     7
 Stab: Distracted        |     2 |       |       ||     2
  Eat: Chunk             |     2 |     7 |     2 ||    11
       Meat ration       |       |       |     1 ||     1
